 Dungeon Crawl Stone Soup version 0.30.1-4-g462c640d31 (webtiles) character file.

Game seed: 1917184629729172357

2235 hawla the Arsonist (level 9, -12/68 HPs)
             Began as a Meteoran Fire Elementalist on Aug 22, 2023.
             Was a Follower of Vehumet.
             Mangled by an orc warrior
             ... wielding a +0 broad axe
              (19 damage)
             ... in a bailey.
             The game lasted 00:15:49 (3117 turns).

hawla the Arsonist (Meteoran Fire Elementalist)     Turns: 3117, Time: 00:15:50

Health: -12/68     AC:  3    Str: 10    XL:     9   Next: 94%
Magic:  3/22       EV: 13    Int: 21    God:    Vehumet [*.....]
Gold:   191        SH:  0    Dex: 15    Spells: 18/25 levels left

rFire   . . .        m - +1 flail (holy)
rCold   . . .        (no shield)
rNeg    + . .        a - +0 robe
rPois   .            k - +0 helmet
rElec   .            (no cloak)
rCorr   .            (no gloves)
SInv    +            (no boots)
Will    +....        (no amulet)
Stlth   +            j - ring of see invisible
HPRegen 0.31/turn    n - ring of positive energy
MPRegen 0.18/turn

%: no passive effects
@: mighty, glowing
A: sense surroundings 2, otherworldly, glowing, explore regen
a: Renounce Religion


You were in a bailey.
You worshipped Vehumet.
Vehumet was aware of your devotion.
You visited 2 branches of the dungeon, and saw 8 of its levels.
You also visited: Bailey.

You collected 227 gold pieces.
You spent 36 gold pieces at shops.

Inventory:

Hand Weapons
 m - a +1 flail of holy wrath (weapon)
Armour
 a - a +0 robe (worn)
 k - a +0 helmet (worn)
Jewellery
 j - a ring of see invisible (left hand)
 n - a ring of positive energy (right hand)
 o - a ring of poison resistance
Wands
 b - a wand of flame (9)
 d - a wand of mindburst (14) (quivered)
Scrolls
 f - a scroll of fog
 l - a scroll of teleportation
Potions
 e - a potion of heal wounds
 g - a potion of attraction
 h - 4 potions of curing
 i - 4 potions of might


   Skills:
 + Level 2.6 Fighting
 + Level 3.8 Maces & Flails
 + Level 4.3 Dodging
 - Level 1.4 Stealth
 + Level 8.5 Spellcasting
 + Level 5.9 Conjurations
 + Level 8.7 Fire Magic
 + Level 3.0 Evocations


You had 18 spell levels left.
You knew the following spells:

 Your Spells              Type           Power      Damage    Failure   Level
a - Foxfire               Conj/Fire      100%       2x1d9     1%          1
b - Scorch                Fire           90%        2d8       1%          2
c - Flame Wave            Conj/Fire      39%        2d11      3%          4

Your spell library contained the following spells:

 Spells                   Type           Power      Damage    Failure   Level
 Sandblast                Erth           16%        2d6       8%          1
 Inner Flame              Hex/Fire       27%        N/A       3%          3
 Volatile Blastmotes      Fire/Tloc      54%        2d14      3%          3


Dungeon Overview and Level Annotations

Branches:
Dungeon (7/15) Zot: 1429   Temple (1/1) D:6 Zot: 315  Bailey (1/1) Zot: 533

Altars:
Ashenzari
Cheibriados
Dithmenos
Elyvilon
Fedhas
Gozag
Kikubaaqudgha
Makhleb
Nemelex Xobeh
Okawaru
Qazlal
Ru
Sif Muna
Trog
Uskayaw
Vehumet
Wu Jian
Xom
Yredelemnul
Zin
The Shining One

Shops:
D:2 *


Innate Abilities, Weirdness & Mutations

You passively map the area around you.
You are easily found by Zot.
You glow in the dark.
You regain HP and MP as you explore.


Message History

Casting: Foxfire (safe; 1% risk of failure)
Confirm with . or Enter, or press ? or * to list all spells.
You conjure some foxfire!
The foxfire hits the orc!
You kill the orc!
Vehumet accepts your kill.
You hit the orc warrior.
The orc warrior is heavily wounded.
The foxfire hits the orc warrior.
The orc warrior is heavily wounded.
The orc warrior closely misses you.
Unknown command.
You hit the orc warrior.
The orc warrior is severely wounded.
The orc warrior is no longer more vulnerable to fire.
The orc warrior hits you with a +0 broad axe!
An orc comes into view. It is wielding a +0 hand axe.
The orc warrior attacks as you move away!
The orc warrior misses you.
Casting: Foxfire (safe; 1% risk of failure)
Confirm with . or Enter, or press ? or * to list all spells.
You conjure some foxfire!
The foxfire hits the orc.
The orc is almost dead.
The orc warrior completely misses you.
The orc warrior barely misses your foxfire.
The orc warrior attacks as you move away!
The orc warrior hits you with a +0 broad axe.
The orc warrior completely misses your foxfire.
The foxfire hits the orc warrior but does no damage.
The orc warrior is severely wounded.
It was a potion of might.
You feel very mighty all of a sudden. The orc hits you with a +0 hand axe.
The orc warrior hits you with a +0 broad axe!!
* * * LOW HITPOINT WARNING * * *
Unknown command.
You barely miss the orc warrior.
The orc warrior is severely wounded.
The orc hits you but does no damage.
The orc warrior hits you with a +0 broad axe!!
You die...

* ~
≈≈≈≈≈≈≈≈≈≈...≈≈≈≈≈≈≈≈≈
~ ~
######~~~~...~~~~#####
* ~ ~ * #...........#
** ,#####'''##### * ~
~~ , #..'.....', , ~ ~
#..'.))..' ~~
####)o#..§..# + ~
#..o))#.....# ,, , ,
#.8@..#.....# ,,
~~,#.o...#######, ~
,#)8####* * 8 #).# , ,
~~ ~ #)8# ,, , ~~ ~
#..# ,, ,_, , , * * ~~
##'# , * ~ ~ ~ ~ ..# *
*+ ~ ..# * * ,*, ,


You could see an orc warrior and 2 orcs.

Vanquished Creatures
  A water moccasin (D:6)
  2 black bears
  3 orc warriors
  An ogre (D:5)
  A centaur (D:7)
  3 phantoms
  A bullfrog (D:7)
  4 scorpions
  3 wights (D:6)
  2 hounds (D:4)
  2 jellies
  2 orc priests
  A gnoll bouda (D:7)
  4 iguanas
  6 orc wizards
  3 sleepcaps
  6 adders
  9 gnolls
  A river rat (D:5)
  An ufetubus (D:6)
  2 worms
  A dart slug (D:5)
  22 orcs
  2 bats
  An endoplasm (D:4)
  2 giant cockroaches
  27 goblins
  13 hobgoblins
  3 jackals (D:3)
  7 quokkas
  6 ball pythons
  2 frilled lizards
  11 kobolds
  A rat (D:5)
156 creatures vanquished.

Vanquished Creatures (others)
  130 foxfires
130 creatures vanquished.

Grand Total: 286 creatures vanquished

Notes
Turn   | Place    | Note
-------+----------+-------------------------------------------
     0 | D:1      | hawla the Meteoran Fire Elementalist began the quest for
                  | the Orb.
     0 | D:1      | Reached XP level 1. HP: 14/14 MP: 5/5
   108 | D:2      | Reached XP level 2. HP: 16/20 MP: 1/7
   113 | D:2      | Learned a level 2 spell: Scorch
   130 | D:2      | Reached XP level 3. HP: 26/26 MP: 3/8
   209 | D:2      | Found Paohant's General Store.
   248 | D:2      | Bought a potion of attraction for 36 gold pieces
   292 | D:3      | Reached XP level 4. HP: 33/33 MP: 6/10
   362 | D:3      | Learned a level 4 spell: Flame Wave
   500 | D:4      | Found a broken altar of Ashenzari.
   548 | D:4      | Found a shimmering blue altar of Sif Muna.
   611 | D:4      | Reached XP level 5. HP: 37/38 MP: 2/11
   711 | D:4      | Found a glowing silver altar of Zin.
   724 | D:4      | Noticed a phantom
   730 | D:4      | Killed a phantom
   731 | D:4      | Reached skill level 5 in Fire Magic
   731 | D:4      | Reached XP level 6. HP: 34/45 MP: 4/12
   873 | D:4      | Reached skill level 5 in Conjurations
   873 | D:4      | Reached XP level 7. HP: 37/50 MP: 11/14
  1210 | D:5      | Entered Level 5 of the Dungeon
  1336 | D:5      | Reached skill level 1 in Maces & Flails
  1343 | D:5      | Reached skill level 5 in Spellcasting
  1361 | D:6      | Found a stormy altar of Qazlal.
  1419 | D:6      | Reached skill level 1 in Fighting
  1419 | D:6      | Identified the +5 sling of Teetenyo {antimagic, rPois Will-
                  | Int-5 Dex+8}
  1421 | D:6      | Found a snail-covered altar of Cheibriados.
  1428 | D:6      | Reached XP level 8. HP: 59/59 MP: 11/17
  1433 | D:6      | Found a bloodstained altar of Trog.
  2069 | D:5      | Gained mutation: You passively map the area around you.
                  | [Meteoran growth]
  2069 | D:5      | Reached XP level 9. HP: 37/67 MP: 1/20
  2411 | D:6      | Found a sacrificial altar of Ru.
  2601 | D:6      | Found a staircase to the Ecumenical Temple.
  2613 | Temple   | Entered the Ecumenical Temple
  2870 | Temple   | Became a worshipper of Vehumet
  2913 | D:7      | Reached skill level 1 in Evocations
  2992 | D:7      | Identified the +0 leather armour of Gair Moa {Rampage Will+
                  | Int+3}
  2998 | D:7      | Reached * piety under Vehumet
  2998 | D:7      | Offered knowledge of Sandblast by Vehumet.
  3037 | D:7      | Found a flagged portal.
  3052 | Bailey   | Entered a bailey
  3117 | Bailey   | Mangled by an orc warrior

Illustrated notes

Levels and vault maps discovered:
D:1:      heliophobic_arrival_battle_scene, layout_loops_cross,
          chequers_mini_garden
D:2:      layout_basic, serial_shops, shop, minmay_liquid_box,
          lightli_corner_chamber
D:3:      layout_basic, kennysheep_generic_room_12
D:4:      layout_loops_corners, kennysheep_mini, mainiacjoe_overflow_chevrons,
          mainiacjoe_overflow_surrounded_room, minmay_misc_feat_room
D:5:      corexii_shantytown, layout_loops_ring, portal_sewer_entry_b
D:6:      layout_gridville, nicolae_ru_great_annihilating_truth,
          mainiacjoe_overflow_cross_hatched, cheibriados_altar_1,
          mainiacjoe_overflow_concentric_impassable,
          minmay_temple_entry_statues_fountains,
          nicolae_concentric_dashed_squares_mild
D:7:      layout_cave_pools, enter_ossuary_2, enter_bailey_3, serial_shops,
          nicolae_square_shop, nicolae_shop_i_like_big_books
Temple:   dpeg_chambers_temple
Bailey:   bailey_axe_of_yendor_kennysheep, bailey

Skill      XL: |  1  2  3  4  5  6  7  8  9 |
---------------+----------------------------+-----
Spellcasting   | 3 4 5 7 8 |  8.5
Fire Magic     | 4 5 6 7 8 |  8.7
Conjurations   | 3 4 5 |  5.9
Dodging        | 3 4 |  4.3
Maces & Flails | 1 2 3 |  3.8
Fighting       | 1 2 |  2.6
Evocations     | 3 |  3.0
Stealth        | |  1.4

Action                     |  1- 3 |  4- 6 |  7- 9 || total
---------------------------+-------+-------+-------++-------
  Melee: Whip              |     7 |    27 |   109 ||   143
         Unarmed           |     2 |       |       ||     2
         Punch             |       |       |     3 ||     3
         Flail             |       |       |     3 ||     3
   Cast: Foxfire           |    20 |     3 |    58 ||    81
         Scorch            |     1 |    20 |    56 ||    77
         Flame Wave        |       |     2 |    26 ||    28
  Evoke: Wand              |       |       |     3 ||     3
    Use: Scroll            |       |       |    13 ||    13
         Potion            |       |       |     5 ||     5
   Stab: Distracted        |       |     1 |       ||     1
         Sleeping          |       |       |     1 ||     1
 Armour: Robe              |     3 |     9 |    16 ||    28
  Dodge: Dodged            |     8 |    25 |    86 ||   119
